SA
ALAMEDA AIRMEN @ SYRACUSE STORM
07/25/2024
 
TOP OF THE 1ST
Alameda Airmen batting - Pitching for Syracuse Storm : RHP Bob Browning
Pitching: RHP Bob Browning
Batting: LHB Jorge Rodríguez 0-0: Ball
1-0: DOUBLE (Line Drive, 9LS)
Batting: LHB Pedro Tapia 0-0: Ball
1-0: Ball
2-0: Ground out 4-3 (Groundball, 4M)
Jorge Rodríguez to third
Batting: RHB Lenny Roper 0-0: Ball
1-0: Ball
2-0: Fly out, F8 (Flyball, 8LS)
Batting: RHB António Nava 0-0: Ball
1-0: Swinging Strike
1-1: Fly out, F3 (Popup, 3F)
Top of the 1st over - 0 run(s), 1 hit(s), 0 error(s), 1 left on base; Alameda 0 - Syracuse 0
BOTTOM OF THE 1ST
Syracuse Storm batting - Pitching for Alameda Airmen : LHP Emílio Mavarro
Pitching: LHP Emílio Mavarro
Batting: RHB Carlos Ramírez 0-0: Called Strike
0-1: Called Strike
0-2: SINGLE (Groundball, 6)
Batting: RHB Tyrell Wellick 0-0: Called Strike
0-1: Foul Ball, location: 2F
0-2: Strikes out looking
Batting: RHB Chi-hyeong Ho 0-0: Ball
1-0: Ball
2-0: Swinging Strike
2-1: Foul Ball, location: 2F
Pickoff Throw to First - Out!
2-2: Fly out, F9 (Flyball, 89S)
Bottom of the 1st over - 0 run(s), 1 hit(s), 0 error(s), 0 left on base; Alameda 0 - Syracuse 0
TOP OF THE 2ND
Alameda Airmen batting - Pitching for Syracuse Storm : RHP Bob Browning
Batting: RHB Juan García 0-0: Ball
1-0: Swinging Strike
1-1: Ground out 4-3 (Groundball, 4M)
Batting: RHB Chad Shafer 0-0: Called Strike
0-1: Foul Ball, location: 2F
0-2: Fly out, F9 (Flyball, 9LS)
Batting: SHB Domingo Luna 0-0: Foul Ball, location: 2F
0-1: Called Strike
0-2: Strikes out looking
Top of the 2nd over - 0 run(s), 0 hit(s), 0 error(s), 0 left on base; Alameda 0 - Syracuse 0
BOTTOM OF THE 2ND
Syracuse Storm batting - Pitching for Alameda Airmen : LHP Emílio Mavarro
Batting: RHB Carlos De Jesús 0-0: Ball
1-0: Ball
2-0: Foul Ball, location: 2F
2-1: Ball
3-1: Base on Balls
Batting: SHB Roberto López 0-0: Called Strike
0-1: Ball
1-1: Foul Ball, location: 2F
1-2: Strikes out swinging
Batting: RHB Jim Unknown 0-0: Ball
1-0: Ball
2-0: DOUBLE (Flyball, 89XD)
Carlos De Jesús to third
Batting: RHB Octávio Beltzán 0-0: Called Strike
0-1: Foul Ball, location: 2F
0-2: Ball
1-2: Ground out 6-3 (Groundball, 56)
Carlos De Jesús scores
Batting: LHB Jim Unknown 0-0: Ball
1-0: SINGLE (Line Drive, 4D)
Jim Unknown to third
Runner from 3rd tries for Home, SAFE, no throw or cutoff
Batting: RHB Manny Gonzáles 0-0: Called Strike
0-1: Ball
1-1: Ground out 5-3 (Groundball, 56)
Bottom of the 2nd over - 2 run(s), 2 hit(s), 0 error(s), 1 left on base; Alameda 0 - Syracuse 2
TOP OF THE 3RD
Alameda Airmen batting - Pitching for Syracuse Storm : RHP Bob Browning
Batting: LHB César Nieves 0-0: Ball
1-0: Ball
2-0: Ball
3-0: Called Strike
3-1: Swinging Strike
3-2: Ground out 2-3 (Groundball, 2L)
Batting: RHB Mario Salazar 0-0: SINGLE (Line Drive, 34)
Batting: LHB Jorge Rodríguez 0-0: Fly out, F6 (Popup, 6)
Batting: LHB Pedro Tapia 0-0: Ball
1-0: Ball
2-0: Foul Ball, location: 2F
2-1: Ball
3-1: Ground out 4-3 (Groundball, 4)
Top of the 3rd over - 0 run(s), 1 hit(s), 0 error(s), 1 left on base; Alameda 0 - Syracuse 2
BOTTOM OF THE 3RD
Syracuse Storm batting - Pitching for Alameda Airmen : LHP Emílio Mavarro
Batting: RHB Carlos Ramírez 0-0: Foul Ball, location: 2F
0-1: Swinging Strike
0-2: Ball
1-2: Ball
2-2: Fly out, F6 (Popup, 6)
Batting: RHB Tyrell Wellick 0-0: Ball
1-0: Called Strike
1-1: Ball
2-1: Ball
3-1: Called Strike
3-2: Fly out, F8 (Flyball, 8LM)
Batting: RHB Chi-hyeong Ho 0-0: Ball
1-0: Ball
2-0: Ball
3-0: Called Strike
3-1: Base on Balls
Batting: RHB Carlos De Jesús 0-0: Called Strike
Chi-hyeong Ho is caught stealing 2nd base
Bottom of the 3rd over - 0 run(s), 0 hit(s), 0 error(s), 0 left on base; Alameda 0 - Syracuse 2
TOP OF THE 4TH
Alameda Airmen batting - Pitching for Syracuse Storm : RHP Bob Browning
Batting: RHB Lenny Roper 0-0: Called Strike
0-1: Ball
1-1: Foul Ball, location: 2F
1-2: Ground out 6-3 (Groundball, 6M)
Batting: RHB António Nava 0-0: Swinging Strike
0-1: Swinging Strike
0-2: Ball
1-2: Strikes out looking
Batting: RHB Juan García 0-0: Called Strike
0-1: Ball
1-1: Fly out, F7 (Line Drive, 7S)
Top of the 4th over - 0 run(s), 0 hit(s), 0 error(s), 0 left on base; Alameda 0 - Syracuse 2
BOTTOM OF THE 4TH
Syracuse Storm batting - Pitching for Alameda Airmen : LHP Emílio Mavarro
Batting: RHB Carlos De Jesús 0-0: Called Strike
0-1: Fly out, F8 (Line Drive, 8RM)
Batting: SHB Roberto López 0-0: Ball
1-0: Called Strike
1-1: Ball
2-1: Foul Ball, location: 2F
2-2: Ball
3-2: Fly out, F8 (Line Drive, 8LM)
Batting: RHB Jim Unknown 0-0: Swinging Strike
0-1: Foul Ball, location: 2F
0-2: Strikes out swinging
Bottom of the 4th over - 0 run(s), 0 hit(s), 0 error(s), 0 left on base; Alameda 0 - Syracuse 2
TOP OF THE 5TH
Alameda Airmen batting - Pitching for Syracuse Storm : RHP Bob Browning
Batting: RHB Chad Shafer 0-0: Swinging Strike
0-1: Foul Ball, location: 2F
0-2: Ball
1-2: Foul Ball, location: 2F
1-2: Ground out 6-3 (Groundball, 6)
Batting: SHB Domingo Luna 0-0: Called Strike
0-1: Swinging Strike
0-2: Ball
1-2: Foul Ball, location: 2F
1-2: Strikes out swinging
Batting: LHB César Nieves 0-0: Called Strike
0-1: Ground out 3-1 (Groundball, 34)
Top of the 5th over - 0 run(s), 0 hit(s), 0 error(s), 0 left on base; Alameda 0 - Syracuse 2
BOTTOM OF THE 5TH
Syracuse Storm batting - Pitching for Alameda Airmen : LHP Emílio Mavarro
Batting: RHB Octávio Beltzán 0-0: Swinging Strike
0-1: Hit by Pitch
Batting: LHB Jim Unknown 0-0: Ball
1-0: Ball
2-0: SINGLE (Groundball, 34D)
Octávio Beltzán to second
Runner from 2nd tries for 3rd, SAFE, throw made to third
Jim Unknown to second
Batting: RHB Manny Gonzáles 0-0: Ball
1-0: Ball
2-0: Foul Ball, location: 2F
2-1: Foul Ball, location: 2F
2-2: Ball
3-2: Fly out, F8 (Flyball, 8LM)
Runner from 3rd tags up, SCORES, no throw
Batting: RHB Carlos Ramírez 0-0: Ball
1-0: Swinging Strike
1-1: Called Strike
1-2: Ball
2-2: Foul Ball, location: 2F
2-2: Foul Ball, location: 2F
2-2: Ball
3-2: Foul Ball, location: 2F
3-2: Base on Balls
Pitching: LHP Jorge Cruz
Batting: RHB Tyrell Wellick 0-0: Ball
1-0: Swinging Strike
1-1: Foul Ball, location: 2F
1-2: Ball
2-2: Ball
Passed Ball!
Jim Unknown to third
Carlos Ramírez to second
3-2: Strikes out swinging
Batting: RHB Chi-hyeong Ho 0-0: Ball
1-0: Swinging Strike
1-1: Ball
2-1: Ball
3-1: SINGLE (Line Drive, 5D)
Jim Unknown scores
Carlos Ramírez to third
Runner from 3rd tries for Home, SAFE, no throw or cutoff
Batting: RHB Carlos De Jesús 0-0: Called Strike
0-1: Ball
1-1: Ball
2-1: SINGLE (Flyball, 8LS)
Chi-hyeong Ho to second
Runner from 2nd tries for 3rd, SAFE, throw made to third
Batting: SHB Roberto López 0-0: Ball
1-0: Ball
2-0: Ball
3-0: Called Strike
3-1: Fly out, F7 (Flyball, 7S)
Bottom of the 5th over - 3 run(s), 3 hit(s), 0 error(s), 2 left on base; Alameda 0 - Syracuse 5
TOP OF THE 6TH
Alameda Airmen batting - Pitching for Syracuse Storm : RHP Bob Browning
Batting: RHB Mario Salazar 0-0: Called Strike
0-1: Ball
1-1: Called Strike
1-2: Ball
2-2: Fly out, F9 (Line Drive, 9S)
Batting: LHB Jorge Rodríguez 0-0: Fly out, F8 (Flyball, 8RM)
Batting: LHB Pedro Tapia 0-0: Ground out 5-3 (Groundball, 56S)
Top of the 6th over - 0 run(s), 0 hit(s), 0 error(s), 0 left on base; Alameda 0 - Syracuse 5
BOTTOM OF THE 6TH
Syracuse Storm batting - Pitching for Alameda Airmen : LHP Jorge Cruz
Batting: RHB Jim Unknown 0-0: Ball
1-0: Called Strike
1-1: Foul Ball, location: 2F
1-2: Ball
2-2: Foul Ball, location: 2F
2-2: Hit by Pitch
Batting: RHB Octávio Beltzán 0-0: Ball
1-0: Bunted foul
1-1: Sac Bunt - play at first, batter OUT! 1-4
Jim Unknown to second
Batting: LHB Jim Unknown 0-0: Called Strike
0-1: Called Strike
0-2: SINGLE (Line Drive, 8LS)
Jim Unknown to third
Batting: RHB Manny Gonzáles 0-0: Ball
1-0: Fly out, F7 (Flyball, 7D)
Runner from 3rd tags up, SCORES, no throw
Batting: RHB Carlos Ramírez 0-0: Ball
1-0: Called Strike
1-1: Ball
2-1: Ground out 5-3 (Groundball, 56S)
Bottom of the 6th over - 1 run(s), 1 hit(s), 0 error(s), 1 left on base; Alameda 0 - Syracuse 6
TOP OF THE 7TH
Alameda Airmen batting - Pitching for Syracuse Storm : RHP Bob Browning
Batting: RHB Lenny Roper 0-0: Ball
1-0: Foul Ball, location: 2F
1-1: Foul Ball, location: 2F
1-2: Ball
2-2: Strikes out looking
Batting: RHB António Nava 0-0: Called Strike
0-1: Fly out, F7 (Popup, 78S)
Batting: RHB Juan García 0-0: Ball
1-0: Ball
2-0: Foul Ball, location: 2F
2-1: Foul Ball, location: 2F
2-2: Ball
3-2: Foul Ball, location: 2F
3-2: Foul Ball, location: 2F
3-2: Fly out, F9 (Flyball, 89S)
Top of the 7th over - 0 run(s), 0 hit(s), 0 error(s), 0 left on base; Alameda 0 - Syracuse 6
BOTTOM OF THE 7TH
Syracuse Storm batting - Pitching for Alameda Airmen : LHP Jorge Cruz
Batting: RHB Tyrell Wellick 0-0: Ball
1-0: Called Strike
1-1: Ball
2-1: Fly out, F6 (Line Drive, 6)
Batting: RHB Chi-hyeong Ho 0-0: Called Strike
0-1: Called Strike
0-2: Strikes out swinging
Batting: RHB Carlos De Jesús 0-0: Foul Ball, location: 2F
0-1: Ball
1-1: Foul Ball, location: 2F
1-2: Ball
2-2: Foul Ball, location: 2F
2-2: DOUBLE (Line Drive, 9LM)
Batting: SHB Roberto López 0-0: Foul Ball, location: 2F
0-1: Foul Ball, location: 2F
0-2: Ball
1-2: Ball
2-2: SINGLE (Line Drive, 78M)
Carlos De Jesús to third
Batting: RHB Jim Unknown 0-0: Ball
1-0: Ball
2-0: Called Strike
2-1: Called Strike
2-2: Fly out, F7 (Line Drive, 78S)
Bottom of the 7th over - 0 run(s), 2 hit(s), 0 error(s), 2 left on base; Alameda 0 - Syracuse 6
TOP OF THE 8TH
Alameda Airmen batting - Pitching for Syracuse Storm : RHP Bob Browning
Batting: RHB Chad Shafer 0-0: SINGLE (Line Drive, 6D)
Batting: SHB Domingo Luna 0-0: Foul Ball, location: 2F
0-1: Ball
1-1: Ball
2-1: Ball
3-1: Reached on error, E4 (Groundball, 4)
Chad Shafer to second
Batting: LHB César Nieves 0-0: Foul Ball, location: 2F
0-1: Swinging Strike
0-2: Foul Ball, location: 2F
0-2: Strikes out swinging
Batting: RHB Mario Salazar 0-0: Foul Ball, location: 2F
0-1: Ball
1-1: Ball
2-1: Foul Ball, location: 2F
2-2: Ball
3-2: Strikes out swinging
Batting: LHB Jorge Rodríguez 0-0: Foul Ball, location: 2F
0-1: Fly out, F3 (Line Drive, 3)
Top of the 8th over - 0 run(s), 1 hit(s), 1 error(s), 2 left on base; Alameda 0 - Syracuse 6
BOTTOM OF THE 8TH
Syracuse Storm batting - Pitching for Alameda Airmen : LHP Jorge Cruz
Batting: RHB Octávio Beltzán 0-0: Ball
1-0: Called Strike
1-1: Foul Ball, location: 2F
1-2: Ball
2-2: Foul Ball, location: 2F
2-2: Fly out, F7 (Flyball, 7M)
Batting: LHB Jim Unknown 0-0: Ball
1-0: Swinging Strike
1-1: Swinging Strike
1-2: Strikes out swinging
Batting: RHB Manny Gonzáles 0-0: Ball
1-0: Ground out 6-3 (Groundball, 6)
Bottom of the 8th over - 0 run(s), 0 hit(s), 0 error(s), 0 left on base; Alameda 0 - Syracuse 6
TOP OF THE 9TH
Alameda Airmen batting - Pitching for Syracuse Storm : RHP Bob Browning
Batting: LHB Pedro Tapia 0-0: Ball
1-0: Called Strike
1-1: Called Strike
1-2: Ground out 1-3 (Groundball, 13S)
Batting: RHB Lenny Roper 0-0: Ball
1-0: Ball
2-0: Ball
3-0: Base on Balls
Batting: RHB António Nava 0-0: Ball
1-0: Ball
2-0: Foul Ball, location: 2F
2-1: Fielders Choice at 2nd, 5-4 (Groundball, 56)
Batting: RHB Juan García 0-0: Ball
1-0: Called Strike
1-1: Ground out 1-3 (Groundball, 13)
Top of the 9th over - 0 run(s), 0 hit(s), 0 error(s), 1 left on base; Alameda 0 - Syracuse 6
This league is powered by Out of the Park Baseball, the baseball management simulation game for PC, Mac and Linux
Monday, October 3rd, 2016 - OOTP Baseball 16.9 Build 39